 Dungeon Crawl Stone Soup version 0.13.0-59-g13bd910 (webtiles) character file.

625 Chiseanne the Tainter (level 6, -3/49 HPs)
             Began as a Naga Venom Mage on Nov 21, 2013.
             Slain by Grinder (8 damage)
             ... on Level 5 of the Dungeon.
             The game lasted 00:18:27 (4968 turns).

Chiseanne the Tainter (Naga Venom Mage)             Turns: 4968, Time: 00:18:27

HP  -3/49        AC  4     Str 10      XL: 6   Next: 87%
MP  12/13        EV 15     Int 18      God:
Gold 219         SH  0     Dex 11      Spells:  4 memorised,  2 levels left

Res.Fire  : . . .   See Invis. : +   j - +0 quarterstaff
Res.Cold  : . . .   Warding    : .   a - +1 robe
Life Prot.: . . .   Conserve   : .   (no shield)
Res.Poison: +       Res.Corr.  : .   (no helmet)
Res.Elec. : .       Clarity    : .   (no cloak)
Sust.Abil.: . .     Spirit.Shd : .   (no gloves)
Res.Mut.  : .       Stasis     : .   (no barding)
Res.Rott. : .       Flight     : .   (no amulet)
Saprovore : . . .                    r - +5 ring of evasion
                                     t - ring of protection from magic

@: very slow, quite resistant to hostile enchantments, fairly stealthy
A: spit poison, see invisible, deformed body, poison resistance, slowness 2, AC
+2
a: Spit Poison


You were on level 5 of the Dungeon.
You were not hungry.

You visited 1 branch of the dungeon, and saw 5 of its levels.

You collected 199 gold pieces.

Inventory:

Hand weapons
 j - a +0,+0 quarterstaff (weapon)
 u - a +2,+0 elven long sword
Armour
 a - a +1 robe (worn)
Magical devices
 i - a wand of disintegration (19)
Comestibles
 c - 3 bread rations
 d - a meat ration
 p - 2 apples
Scrolls
 e - 3 scrolls of identify
 g - 2 scrolls of teleportation
 m - 4 scrolls of remove curse
Jewellery
 r - a +5 ring of evasion (right hand)
 t - a ring of protection from magic (left hand)
Potions
 f - a potion of might
 h - a potion of agility
 k - 2 potions of speed
 q - 2 potions of curing
Books
 b - a Young Poisoner's Handbook

   Spells                             Type                      Level
   *Sting                             Conjuration/Poison           1
   *Cure Poison                       Poison                       2
   *Mephitic Cloud                    Conjuration/Poison/Air       3
   *Olgreb's Toxic Radiance           Poison                       4
   Venom Bolt                         Conjuration/Poison           5


   Skills:
 - Level 1.0 Armour
 - Level 2.0 Dodging
 - Level 3.0 Stealth
 + Level 3.9 Spellcasting
 - Level 0.6 Conjurations
 + Level 8.0 Poison Magic


You had 2 spell levels left.
You knew the following spells:

 Your Spells              Type           Power        Failure   Level  Hunger
a - Sting                 Conj/Pois      ###.         2%          1    None
b - Cure Poison           Pois           ####......   1%          2    ##.....
c - Mephitic Cloud        Conj/Pois/Air  ##......     17%         3    ###....
d - Olgreb's Toxic Radia  Pois           ####....     6%          4    ####...


Dungeon Overview and Level Annotations

Branches:
Dungeon (5/27)
 Temple: D:4-7

Altars:
Nemelex Xobeh
Sif Muna

Annotations:
D:5 Grinder


Innate Abilities, Weirdness & Mutations

You cannot wear boots.
You can spit poison.
Your serpentine skin is tough (AC +2).
You have supernaturally acute eyesight.
Armour fits poorly on your strangely shaped body.
Your system is resistant to poisons.
You cover ground very slowly.


Message History

You closely miss Grinder.
Grinder is severely wounded.
Grinder barely misses you. Grinder gestures at you. You resist.
You completely miss Grinder.
Grinder is severely wounded.
Grinder barely misses you.
You thump Grinder!
Grinder is almost dead.
Grinder hits you!
* * * LOW HITPOINT WARNING * * *
You writhe in agony.
* * * LOW HITPOINT WARNING * * *
You hit Grinder but do no damage.
Grinder is almost dead.
Grinder hits you.
* * * LOW HITPOINT WARNING * * *
You writhe in agony.
Grinder hits you!
You die...

#..#.#..#
######....#..#
##............#
#......<......#
###.##..##.#..#
....>..........#
###..#...#....#
#..#........#####.#
...
#<..##...5@....# ##
#.......########
#......$.......
#.####..###### #.
.... ## ##...#
#...# #...# #...#


You could see Grinder.

Vanquished Creatures
  Sigmund (D:3)
  An orc priest (D:4)
  A hound (D:4)
  3 orc wizards
  An iguana (D:4)
  7 adders
  An inept item mimic (D:2)
  A giant mite (D:3)
  2 worms
  An adder zombie (D:5)
  A giant eyeball (D:4)
  4 giant geckos
  An ooze (D:2)
  5 orcs
  3 giant cockroaches
  9 goblins
  17 hobgoblins
  2 quokkas
  A ball python (D:1)
  9 bats
  5 giant newts
  6 kobolds
  7 rats
89 creatures vanquished.

Notes
Turn   | Place    | Note
--------------------------------------------------------------
     0 | D:1      | Chiseanne, the Naga Venom Mage, began the quest for the Orb.
     0 | D:1      | Reached XP level 1. HP: 15/15 MP: 3/3
   514 | D:1      | Reached XP level 2. HP: 22/22 MP: 2/4
   530 | D:1      | Learned a level 2 spell: Cure Poison
   908 | D:1      | Found a sparkling altar of Nemelex Xobeh.
   914 | D:1      | Reached XP level 3. HP: 25/28 MP: 3/6
  2021 | D:2      | Reached skill level 1 in Armour
  2021 | D:2      | Reached XP level 4. HP: 27/36 MP: 0/7
  2026 | D:2      | Learned a level 3 spell: Mephitic Cloud
  2194 | D:2      | Reached skill level 6 in Poison Magic
  3266 | D:3      | Reached XP level 5. HP: 35/42 MP: 1/9
  3588 | D:3      | Noticed Sigmund
  3598 | D:3      | Killed Sigmund
  3598 | D:3      | Reached skill level 7 in Poison Magic
  3728 | D:3      | Found a deep blue altar of Sif Muna.
  3737 | D:3      | Reached XP level 6. HP: 49/49 MP: 8/12
  3787 | D:4      | Paralysed by a giant eyeball for 3 turns
  3940 | D:4      | Paralysed by a giant eyeball for 3 turns
  4148 | D:4      | Learned a level 4 spell: Olgreb's Toxic Radiance
  4197 | D:4      | Reached skill level 8 in Poison Magic
  4934 | D:5      | Entered Level 5 of the Dungeon
  4942 | D:5      | Noticed Grinder
  4948 | D:5      | Paralysed by Grinder for 2 turns
  4968 | D:5      | Slain by Grinder

Action                   |  1- 3 |  4- 6 || total
-------------------------+-------+-------++-------
Melee: Unarmed           |    37 |    25 ||    62
       Long sword        |       |    24 ||    24
       Quarterstaff      |       |    39 ||    39
 Cast: Sting             |    77 |   137 ||   214
       Mephitic Cloud    |       |     4 ||     4
 Abil: Spit Poison       |     5 |     4 ||     9
Evoke: Wand              |       |     1 ||     1
  Use: Potion            |     7 |     2 ||     9
       Scroll            |     1 |    14 ||    15
